 Dungeon Crawl Stone Soup version 0.32-a0-19-g28bc0835a1 (console) character file.

Game seed: 16657983255439481446

9463 Ignak the Thaumaturge (level 11, -4/83 HPs)
             Began as a Gnoll Air Elementalist on Jan 17, 2024.
             Was a Priest of Sif Muna.
             Killed from afar by a kobold blastminer (37 damage)
             ... with an iron shot
             ... on level 2 of the Orcish Mines.
             The game lasted 00:37:04 (12024 turns).

Ignak the Thaumaturge (Gnoll Air Elementalist)     Turns: 12024, Time: 00:37:05

Health: -4/83      AC:  7    Str:  8    XL:     11   Next: 46%
Magic:  9/23       EV: 20    Int: 18    God:    Sif Muna [***...]
Gold:   680        SH:  5    Dex: 13    Spells: 3/26 levels left

rFire   + . .        a - +5 spear (venom)
rCold   + . .        y - +0 buckler
rNeg    . . .        G - +2 robe {rC+}
rPois   .            (helmet restricted)
rElec   .            K - +2 cloak
rCorr   .            (no gloves)
SInv    .            (no boots)
Will    .....        f - amulet of regeneration
Stlth   ++++         z - +5 ring of evasion
HPRegen 1.13/turn    s - +4 ring of slaying
MPRegen 0.18/turn

%: no passive effects
@: channelling, very slightly contaminated
A: fangs 2, strong nose, distributed training, antennae 1, fire resistance 1
a: Renounce Religion, Channel Magic, Forget Spell


You were on level 2 of the Orcish Mines.
You worshipped Sif Muna.
Sif Muna was most pleased with you.
You visited 3 branches of the dungeon, and saw 12 of its levels.

You collected 1023 gold pieces.
You spent 343 gold pieces at shops.

Inventory:

Hand Weapons
 a - a +5 spear of venom (weapon)
 b - the +4 spear of the Arcadian God {freeze, rF+++ Int-3}
   (You took it off a spriggan on level 9 of the Dungeon)

   Int-3:     It affects your intelligence (-3).
   rF+++:     It renders you almost immune to fire.
 u - a +1 whip of electrocution
Missiles
 i - 19 poisoned darts (quivered)
 r - a throwing net
Armour
 x - a +0 robe of fire resistance
 y - a +0 buckler (worn)
 G - a +2 robe of cold resistance (worn)
 K - a +2 cloak (worn)
Jewellery
 f - an amulet of regeneration (around neck)
 g - an amulet of reflection
 o - a +4 ring of protection
 s - a +4 ring of slaying (right hand)
 z - a +5 ring of evasion (left hand)
 C - an amulet of the acrobat
Wands
 k - a wand of flame (20)
 l - a wand of iceblast (10)
 H - a wand of mindburst (9)
 L - a wand of acid (5)
Scrolls
 h - 2 scrolls of revelation
 m - a scroll of fog
 n - 2 scrolls of vulnerability
 t - 3 scrolls of poison {unknown}
 w - 2 scrolls of enchant weapon
 B - 3 scrolls of enchant armour
 F - 4 scrolls of teleportation
 J - a scroll of brand weapon {unknown}
Potions
 c - a potion of degeneration {unknown}
 e - 3 potions of magic
 j - 3 potions of curing
 p - 2 potions of attraction {unknown}
 q - 3 potions of lignification
 v - a potion of brilliance {unknown}
 D - a potion of mutation
 E - a potion of might
 I - a potion of heal wounds


   Skills:
 + Level 6.5 Fighting
 + Level 6.5 Short Blades
 + Level 6.5 Long Blades
 + Level 6.5 Axes
 + Level 6.5 Maces & Flails
 + Level 6.5 Polearms
 + Level 6.5 Staves
 + Level 6.5 Ranged Weapons
 + Level 6.5 Throwing
 + Level 6.5 Armour
 + Level 8.1 Dodging
 + Level 7.9 Stealth
 + Level 6.5 Shields
 + Level 6.5 Unarmed Combat
 + Level 8.3 Spellcasting
 + Level 5.9 Conjurations
 + Level 5.4 Hexes
 + Level 5.4 Summonings
 + Level 5.4 Necromancy
 + Level 5.4 Translocations
 + Level 5.4 Fire Magic
 + Level 5.4 Ice Magic
 + Level 7.8 Air Magic
 + Level 5.4 Earth Magic
 + Level 5.4 Alchemy
 + Level 7.2 Invocations
 + Level 6.5 Evocations
 + Level 6.0 Shapeshifting


You had 3 spell levels left.
You knew the following spells:

 Your Spells              Type           Power      Damage    Failure   Level
a - Shock                 Conj/Air       100%       1d9       1%          1
b - Swiftness             Air            35%        N/A       1%          3
c - Vampiric Draining     Necr           27%        2d7       4%          3
d - Confusing Touch       Hex            27%        N/A       4%          3
e - Sigil of Binding      Hex            27%        N/A       4%          3
f - Airstrike             Air            17%        2d(3-19)  5%          4
g - Summon Small Mammal   Summ           100%       N/A       1%          1
z - Arcjolt               Conj/Air       16%        1d26      22%         5

Your spell library contained the following spells:

 Spells                   Type           Power      Damage    Failure   Level
 Apportation              Tloc           54%        N/A       1%          1
 Necrotise                Necr           100%       1d9       1%          1
 Slow                     Hex            100%       N/A       1%          1
 Sting                    Conj/Alch      100%       1d9       1%          1
 Static Discharge         Conj/Air       64%        3-6/arc   1%          2
 Vhi's Electric Charge    Tloc/Air       62%        N/A       9%          4
 Martyr's Knell           Necr/Summ      27%        N/A       14%         4
 Curse of Agony           Necr           27%        N/A       38%         5
 Maxwell's Capacitive Co  Air            17%        ∞         100%        8


Dungeon Overview and Level Annotations

Branches:
Dungeon (9/15)             Temple (1/1) D:4             Orc (2/2) D:9
    Elf (0/3) Orc:2
   Lair: D:8-11

Altars:
Ashenzari
Cheibriados
Dithmenos
Elyvilon
Fedhas
Gozag
Hepliaklqana
Kikubaaqudgha
Makhleb
Nemelex Xobeh
Okawaru
Qazlal
Ru
Sif Muna
Trog
Uskayaw
Vehumet
Wu Jian
Xom
Yredelemnul
Zin
The Shining One

Shops:
D:9 [!!?


Innate Abilities, Weirdness & Mutations

You have extremely sharp teeth.
Your uncanny sense of smell can sniff out nearby items.
Your experience applies equally to all skills.
You have a pair of small antennae on your head.
Your flesh is heat resistant. (rF+)


Message History

You puncture the orc warrior!
You kill the orc warrior!
Sif Muna accepts your kill. The orc wizard casts a spell at you.
You easily resist.
The kobold blastminer shoots a bolt.
The bolt hits you!
The orc wizard gestures at you while chanting.
The puff of flame hits you. You resist.
Things that are here:
a +0 giant club; a +0 giant club
Casting: Arcjolt (dangerous; 22% risk of failure)
Confirm with . or Enter, or press ? or * to list all spells.
You miscast Arcjolt.
You are very lightly contaminated with residual magic.
You feel a strange surge of energy!
The kobold blastminer blasts its cannon at you.
The iron shot misses you.
The kobold blastminer is knocked back by the blast.
You puncture the orc wizard!
The orc wizard is poisoned.
The orc wizard is severely wounded.
The orc wizard misses you.
Press: ? - help, v - describe, . - travel
Here: a kobold blastminer, wielding a +0 arbalest The floor.
The kobold blastminer blasts its cannon at you.
The iron shot misses you.
The kobold blastminer is knocked back by the blast.
The orc wizard gestures wildly while chanting.
The orc wizard flickers and vanishes!
Deactivating autopickup; reactivate with Ctrl-A.
Casting: Arcjolt (dangerous; 22% risk of failure)
Confirm with . or Enter, or press ? or * to list all spells.
Aiming: Airstrike (dangerous; 5% risk of failure)
Press: ? - help, Dir - move target, f - kobold blastminer
Aim: a kobold blastminer, wielding a +0 arbalest (empty space bonus: 8/8)
The air twists around and strikes the kobold blastminer!!
The kobold blastminer is severely wounded.
Something hits you but does no damage.
The kobold blastminer blasts its cannon at you.
The iron shot hits you!!!
You die...

########.........#...# #
##$#.##.##..<...####.#####
#........##.....### ## #..
#..#....##.##........######..
#...)))....####........##....
......#...K.#.#............)..
..oK.##.....##...............#
..).# ###........##.....).....
..o. #....{@.#####....)....#
... ##.........#........... ..
#................#...).
.........<...........#.[[
......###........#...#..)
.......# #.##...#..#.##...
.....## ###.......####... ...#
##...#.## ##.. .. ##.#### ###


You could see a kobold blastminer.

Vanquished Creatures
  A two-headed ogre (Orc:2)
  The ghost of Ralffi009 the Thaumaturge, a novice DrCj of Sif Muna (D:9)
  Pikel (D:9)
  An orc knight (Orc:2)
  Maurice (D:9)
  A kobold blastminer (Orc:2)
  Psyche (D:9)
  A kobold demonologist (D:9)
  3 spriggans (D:9)
  A warg (Orc:1)
  The ghost of temujin the Changeling, an amateur DrSh (D:3)
  Menkaure (D:7)
  An ice beast (D:6)
  12 orc warriors
  2 black bears
  3 ogres
  4 centaurs
  A phantom (D:5)
  A lemure (D:9)
  2 kobold brigands (D:8)
  2 bullfrogs
  A gnoll sergeant (D:9)
  2 scorpions
  10 wights (D:6)
  25 killer bees
  A vampire bat (D:3)
  3 hounds
  A bombardier beetle (D:5)
  A jelly (D:3)
  A gnoll bouda (D:4)
  8 orc priests
  A sleepcap (D:5)
  Jessica (D:2)
  3 iguanas
  15 orc wizards
  Robin (D:3)
  5 adders
  14 gnolls
  4 ufetubi (D:6)
  3 dart slugs
  3 fire bats (D:3)
  2 ribbon worms
  49 orcs
  2 spectral bats (D:3)
  8 ball pythons
  17 bats
  3 bat skeletons (D:3)
  A bat zombie (D:3)
  9 endoplasms
  6 giant cockroaches
  10 goblins (D:3)
  9 hobgoblins
  4 jackals
  13 kobolds
  5 quokkas
  A bat simulacrum (D:3)
  3 frilled lizards (D:3)
  6 rats
293 creatures vanquished.

Notes
Turn   | Place    | Note
-------+----------+-------------------------------------------
     0 | D:1      | Ignak the Gnoll Air Elementalist began the quest for the
                  | Orb.
     0 | D:1      | Reached XP level 1. HP: 13/13 MP: 6/6
    98 | D:1      | Reached XP level 2. HP: 18/19 MP: 5/7
   103 | D:1      | Learned a level 2 spell: Static Discharge
   629 | D:2      | Reached skill level 5 in Spellcasting
   629 | D:2      | Reached XP level 3. HP: 25/25 MP: 7/9
   633 | D:2      | Learned a level 3 spell: Swiftness
   660 | D:2      | Noticed Jessica
   678 | D:2      | Killed Jessica
   679 | D:2      | Reached skill level 1 in Fighting
   679 | D:2      | Reached skill level 1 in Short Blades
   679 | D:2      | Reached skill level 1 in Long Blades
   679 | D:2      | Reached skill level 1 in Axes
   679 | D:2      | Reached skill level 1 in Maces & Flails
   679 | D:2      | Reached skill level 1 in Polearms
   679 | D:2      | Reached skill level 1 in Staves
   679 | D:2      | Reached skill level 1 in Ranged Weapons
   679 | D:2      | Reached skill level 1 in Throwing
   679 | D:2      | Reached skill level 1 in Armour
   679 | D:2      | Reached skill level 1 in Shields
   679 | D:2      | Reached skill level 1 in Unarmed Combat
   679 | D:2      | Reached skill level 1 in Invocations
   679 | D:2      | Reached skill level 1 in Evocations
   815 | D:2      | Reached skill level 1 in Shapeshifting
   815 | D:2      | Reached XP level 4. HP: 18/32 MP: 9/11
   844 | D:2      | Identified the +0 leather armour of Noughts and Crosses
                  | {*Corrode rElec Will+ MP+9}
  1034 | D:2      | Reached skill level 1 in Hexes
  1034 | D:2      | Reached skill level 1 in Summonings
  1034 | D:2      | Reached skill level 1 in Necromancy
  1034 | D:2      | Reached skill level 1 in Translocations
  1034 | D:2      | Reached skill level 1 in Fire Magic
  1034 | D:2      | Reached skill level 1 in Ice Magic
  1034 | D:2      | Reached skill level 1 in Earth Magic
  1034 | D:2      | Reached skill level 1 in Alchemy
  1391 | D:3      | Found a stormy altar of Qazlal.
  1421 | D:3      | Found a broken altar of Ashenzari.
  1560 | D:3      | Found a hide-covered altar of Uskayaw.
  1562 | D:3      | Noticed Robin
  1566 | D:3      | Killed Robin
  1567 | D:3      | Reached XP level 5. HP: 32/37 MP: 7/12
  1638 | D:3      | Learned a level 4 spell: Airstrike
  1770 | D:3      | Reached XP level 6. HP: 44/44 MP: 8/14
  1795 | D:3      | Reached skill level 5 in Dodging
  2189 | D:3      | Found a runed translucent gate.
  2189 | D:3      | Found a runed translucent gate.
  2190 | D:3      | Found a runed translucent gate.
  2192 | D:3      | Found an opulent altar of Gozag.
  2195 | D:3      | Noticed temujin's ghost (amateur DrSh)
  2984 | D:4      | Reached XP level 7. HP: 48/51 MP: 15/15
  3066 | D:4      | Found a glowing golden altar of the Shining One.
  3067 | D:4      | Found a hazy altar of Hepliaklqana.
  3486 | D:4      | Found a staircase to the Ecumenical Temple.
  3493 | Temple   | Entered the Ecumenical Temple
  3510 | Temple   | Became a worshipper of Sif Muna the Loreminder
  3971 | D:5      | Entered Level 5 of the Dungeon
  3987 | D:5      | Learned a level 3 spell: Vampiric Draining
  4061 | D:5      | Reached skill level 5 in Stealth
  4808 | D:5      | Gained mutation: You have sharp toenails. [potion of
                  | mutation]
  4808 | D:5      | Gained mutation: You do not regenerate when monsters are
                  | visible. [potion of mutation]
  4808 | D:5      | Gained mutation: You have a pair of small antennae on your
                  | head. [potion of mutation]
  4810 | D:5      | Lost mutation: You do not regenerate when monsters are
                  | visible. [potion of mutation]
  4810 | D:5      | Lost mutation: You have sharp toenails. [potion of
                  | mutation]
  4810 | D:5      | Gained mutation: Your flesh is heat resistant. (rF+)
                  | [potion of mutation]
  4810 | D:5      | Gained mutation: You have extremely sharp teeth. [potion of
                  | mutation]
  4975 | D:6      | Learned a level 3 spell: Confusing Touch
  5080 | D:6      | Reached XP level 8. HP: 54/58 MP: 16/16
  6027 | D:6      | Identified the +1 robe of Recklessness {-Tele Int+4}
  6216 | D:6      | HP: 2/53 [ice beast (9)]
  6244 | D:6      | Reached * piety under Sif Muna
  6640 | D:6      | Reached XP level 9. HP: 56/65 MP: 6/18
  7018 | D:3      | Killed temujin's ghost
  7316 | D:7      | Noticed Menkaure
  7319 | D:7      | Killed Menkaure
  7918 | D:8      | Reached skill level 5 in Invocations
  8376 | D:9      | Learned a level 3 spell: Sigil of Binding
  8435 | D:9      | Learned a level 1 spell: Summon Small Mammal
  8678 | D:9      | Reached ** piety under Sif Muna
  8812 | D:9      | Found a staircase to the Orcish Mines.
  8821 | D:9      | Reached skill level 5 in Fighting
  8821 | D:9      | Reached skill level 5 in Short Blades
  8821 | D:9      | Reached skill level 5 in Long Blades
  8821 | D:9      | Reached skill level 5 in Axes
  8821 | D:9      | Reached skill level 5 in Maces & Flails
  8821 | D:9      | Reached skill level 5 in Polearms
  8821 | D:9      | Reached skill level 5 in Staves
  8821 | D:9      | Reached skill level 5 in Ranged Weapons
  8821 | D:9      | Reached skill level 5 in Throwing
  8821 | D:9      | Reached skill level 5 in Armour
  8821 | D:9      | Reached skill level 5 in Shields
  8821 | D:9      | Reached skill level 5 in Unarmed Combat
  8821 | D:9      | Reached skill level 5 in Evocations
  8821 | D:9      | Reached XP level 10. HP: 53/74 MP: 1/20
  9101 | D:9      | Noticed Pikel
  9122 | D:9      | Killed Pikel
  9504 | D:9      | Found a transporter.
  9504 | D:9      | Found Nehoc's Magic Scroll Boutique.
  9528 | D:9      | Reached skill level 5 in Conjurations
  9549 | D:9      | Reached skill level 5 in Shapeshifting
  9692 | D:9      | Found a transporter.
  9703 | D:9      | Bought a scroll of enchant armour for 82 gold pieces
  9703 | D:9      | Bought a scroll of teleportation for 33 gold pieces
  9703 | D:9      | Bought a scroll of enchant armour for 82 gold pieces
  9703 | D:9      | Bought a scroll of teleportation for 33 gold pieces
  9703 | D:9      | Bought a scroll of teleportation for 33 gold pieces
  9753 | D:9      | Found a runed translucent door.
  9755 | D:9      | Noticed Ralffi009's ghost (novice DrCj)
  9756 | D:9      | Identified the +4 spear of the Arcadian God {freeze, rF+++
                  | Int-3}
  9776 | D:9      | Noticed a kobold demonologist
  9787 | D:9      | Killed a kobold demonologist
  9788 | D:9      | Found Gyzy's Armour Shoppe.
  9836 | D:9      | Found Luchorri's Distillery.
  9851 | D:9      | Reached *** piety under Sif Muna
 10016 | D:9      | Noticed Psyche
 10024 | D:9      | Killed Psyche
 10143 | D:9      | Found a white marble altar of Elyvilon.
 10152 | D:9      | Found an opulent altar of Gozag.
 10237 | D:9      | Found Tuinioq's Distillery.
 10245 | D:9      | Bought a potion of heal wounds for 80 gold pieces
 10325 | D:9      | Noticed Maurice
 10329 | D:9      | Killed Maurice
 11026 | D:8      | Learned a level 5 spell: Arcjolt
 11190 | D:9      | Killed Ralffi009's ghost
 11191 | D:9      | Reached skill level 5 in Hexes
 11191 | D:9      | Reached skill level 5 in Summonings
 11191 | D:9      | Reached skill level 5 in Necromancy
 11191 | D:9      | Reached skill level 5 in Translocations
 11191 | D:9      | Reached skill level 5 in Fire Magic
 11191 | D:9      | Reached skill level 5 in Ice Magic
 11191 | D:9      | Reached skill level 5 in Earth Magic
 11191 | D:9      | Reached skill level 5 in Alchemy
 11191 | D:9      | Reached XP level 11. HP: 59/81 MP: 7/23
 11346 | Orc:1    | Entered Level 1 of the Orcish Mines
 11585 | Orc:2    | Entered Level 2 of the Orcish Mines
 11585 | Orc:2    | Found a staircase to the Elven Halls.
 11652 | Orc:2    | Noticed an orc knight
 11760 | Orc:2    | Killed an orc knight
 11830 | Orc:2    | Noticed a two-headed ogre
 11835 | Orc:2    | Killed a two-headed ogre
 12024 | Orc:2    | Killed from afar by a kobold blastminer

Illustrated notes

Levels and vault maps discovered:
D:1:      ebering_trefoil_twist, layout_loops_ring, supply_closet_lemuel
D:2:      layout_rooms, minmay_hexomino_c4, uniq_jessica
D:3:      layout_rooms, mainiacjoe_overflow_surrounded_room,
          nicolae_uskayaw_dance_hall, nicolae_qazlal_scattered_showers,
          ebering_ghost_gozag, goddamned_bats, uniq_robin
D:4:      layout_layer_cave, gammafunk_temple_overflow_pools,
          minmay_temple_entry_nine_rooms, minmay_hedge_maze
D:5:      layout_gridville
D:6:      layout_gridville
D:7:      layout_rooms, uniq_menkaure
D:8:      layout_basic
D:9:      layout_irregular_city, amethyst_overflow_temple_binary, erik_orc_2,
          serial_shops, shop, nicolae_shop_stone, nicolae_shop_drivethru,
          nicolae_shop_industrial_runoff, ebering_ghost_funeral_grove,
          uniq_maurice, uniq_psyche, uniq_pikel
Temple:   bh_familiar_temple
Orc:1:    layout_caves, uniq_harold
Orc:2:    st_orc_open, layout_diamond_mine

Skill      XL: |  1  2  3  4  5  6  7  8  9 10 11 |
---------------+----------------------------------+-----
Conjurations   | 2 3 4 5 |  5.9
Spellcasting   | 5 6 7 8 |  8.3
Fighting       | 1 2 3 5 6 |  6.5
Short Blades   | 1 2 3 5 6 |  6.5
Long Blades    | 1 2 3 5 6 |  6.5
Axes           | 1 2 3 5 6 |  6.5
Maces & Flails | 1 2 3 5 6 |  6.5
Polearms       | 1 2 3 5 6 |  6.5
Staves         | 1 2 3 5 6 |  6.5
Ranged Weapons | 1 2 3 5 6 |  6.5
Throwing       | 1 2 3 5 6 |  6.5
Armour         | 1 2 3 5 6 |  6.5
Shields        | 1 2 3 5 6 |  6.5
Unarmed Combat | 1 2 3 5 6 |  6.5
Invocations    | 1 2 3 4 5 6 7 |  7.2
Evocations     | 1 2 3 5 6 |  6.5
Shapeshifting  | 1 2 3 4 5 6 |  6.0
Hexes          | 1 2 3 4 5 |  5.4
Summonings     | 1 2 3 4 5 |  5.4
Necromancy     | 1 2 3 4 5 |  5.4
Translocations | 1 2 3 4 5 |  5.4
Fire Magic     | 1 2 3 4 5 |  5.4
Ice Magic      | 1 2 3 4 5 |  5.4
Earth Magic    | 1 2 3 4 5 |  5.4
Alchemy        | 1 2 3 4 5 |  5.4
Dodging        | 5 6 7 8 |  8.1
Stealth        | 5 6 7 |  7.9
Air Magic      | 6 7 |  7.8

Action                     |  1- 3 |  4- 6 |  7- 9 | 10-12 || total
---------------------------+-------+-------+-------+-------++-------
  Melee: Short sword       |     7 |       |       |       ||     7
         Spear             |    47 |   156 |    88 |   149 ||   440
         Bite              |     5 |     7 |    33 |    16 ||    61
         Punch             |       |     2 |     3 |       ||     5
         Whip              |       |       |    43 |       ||    43
         Scimitar          |       |       |    77 |    17 ||    94
  Throw: Dart              |       |     2 |    14 |    11 ||    27
         Throwing net      |       |       |     2 |       ||     2
   Cast: Shock             |    15 |    43 |    16 |    12 ||    86
         Swiftness         |     1 |       |     3 |     3 ||     7
         Static Discharge  |       |     5 |    15 |    20 ||    40
         Vampiric Draining |       |       |     5 |     4 ||     9
         Confusing Touch   |       |       |    11 |       ||    11
         Airstrike         |       |       |    46 |    44 ||    90
         Sigil of Binding  |       |       |     4 |     6 ||    10
         Summon Small Mamm |       |       |       |     1 ||     1
         Arcjolt           |       |       |       |     3 ||     3
 Invoke: Channel Magic     |       |       |     1 |     2 ||     3
  Evoke: Wand              |       |       |       |     3 ||     3
    Use: Scroll            |     1 |     5 |     5 |     2 ||    13
         Potion            |       |     2 |     2 |       ||     4
   Stab: Sleeping          |     5 |    10 |    10 |     3 ||    28
         Distracted        |       |     1 |       |       ||     1
         Confused          |       |       |     4 |       ||     4
 Armour: Robe              |    25 |   100 |   120 |   109 ||   354
  Dodge: Dodged            |    23 |   139 |   173 |   153 ||   488
  Block: Other             |       |       |    25 |       ||    25
         Buckler           |       |       |    19 |    62 ||    81

Table legend: (Time is in decaauts)
 A = Elapsed time spent in this place.
 B = Non-inter-level travel time spent in this place.
 C = Inter-level travel time spent in this place.
 D = Time resting spent in this place.
 E = Time spent auto-exploring this place.
 F = Levels seen in this place.
 G = Mean time per level.
                   A        B        C        D        E       F      G
               +--------+--------+--------+--------+--------+-----+--------+
         Total |  12006 |  11382 |    624 |   2038 |   5683 |  12 | 1000.5 |
       Dungeon |  11341 |  10749 |    592 |   1853 |   5613 |   9 | 1260.1 |
        Temple |     33 |      1 |     32 |      0 |      0 |   1 |   33.0 |
  Orcish Mines |    631 |    631 |      0 |    185 |     70 |   2 |  315.5 |
               +--------+--------+--------+--------+--------+-----+--------+

Top non-repeatable levels by time:
     D:9: 2334 daAuts
     D:6: 2089 daAuts
     D:4: 1714 daAuts
     D:8: 1163 daAuts
     D:3: 1143 daAuts
     D:5: 991 daAuts
     D:2: 653 daAuts
     D:1: 626 daAuts
     D:7: 623 daAuts
   Orc:2: 395 daAuts
   Orc:1: 236 daAuts
  Temple: 33 daAuts
